 Dungeon Crawl Stone Soup version 0.20.0-8-g6b59dc7 (webtiles) character file.

93 Kosschaser the Cudgeler (level 4, 0/27 HPs)
             Began as a Gargoyle Skald on May 30, 2017.
             Slain by Purgy (4 damage)
             ... on level 3 of the Dungeon.
             The game lasted 00:07:51 (2931 turns).

Kosschaser the Cudgeler (Gargoyle Skald)            Turns: 2931, Time: 00:07:52

Health: 0/27       AC:  9    Str: 15    XL:     4   Next: 62%
Magic:  7/7        EV: 12    Int: 13    God:
Gold:   68         SH:  0    Dex: 10    Spells: 6/7 levels left

rFire    . . .     SeeInvis +   a - +0 mace
rCold    . . .     Gourm    .   (no shield)
rNeg     + . .     Faith    .   b - +0 leather armour
rPois    ∞         Spirit   .   j - +2 helmet
rElec    +         Reflect  .   (no cloak)
rCorr    .         Harm     .   (no gloves)
MR       .....                  (no boots)
Stlth    +.........             (no amulet)
Regen    0.1/turn               m - ring of see invisible
MPRegen  0.1/turn               (no ring)

@: no status effects
A: negative energy resistance 1, electricity resistance, unbreathing,
petrification resistance, rot immunity, AC +3
a: no special abilities


You were on level 3 of the Dungeon.
You were hungry.

You visited 1 branch of the dungeon, and saw 3 of its levels.

You collected 68 gold pieces.

Inventory:

Hand Weapons
 a - a +0 mace (weapon)
Armour
 b - a +0 leather armour (worn)
 h - a +0 helmet
 j - a +2 helmet (worn)
Jewellery
 m - a ring of see invisible (left hand)
Scrolls
 e - 3 scrolls of identify {unknown}
 f - a scroll of remove curse {unknown}
 g - a scroll of blinking {unknown}
 i - a scroll of enchant armour {unknown}
Potions
 l - a potion of cancellation {unknown}
Books
 c - a book of Battle

   Spells                             Type                      Level
   a - Infusion                       Charms                       1
   b - Shroud of Golubria             Charms/Translocation         2
   c - Song of Slaying                Charms                       2
   d - Spectral Weapon                Hexes/Charms                 3
   e - Regeneration                   Charms/Necromancy            3
 k - a book of Misfortune

   Spells                             Type                      Level
   a - Confusing Touch                Hexes                        1
   b - Confuse                        Hexes                        3
   c - Gell's Gravitas                Translocation                3
   d - Petrify                        Transmutation/Earth          4
   e - Metabolic Englaciation         Hexes/Ice                    5
   f - Yara's Violent Unravelling     Hexes/Transmutation          5
Comestibles
 d - 2 bread rations


   Skills:
 + Level 2.7 Fighting
 + Level 3.1 Maces & Flails
 + Level 1.9 Armour
 + Level 2.2 Dodging
 + Level 2.1 Spellcasting
 + Level 3.0 Charms


You had 6 spell levels left.
You knew the following spells:

 Your Spells              Type           Power        Failure   Level  Hunger
a - Infusion              Chrm           #...         9%          1    ##.....


Dungeon Overview and Level Annotations

Branches:
Dungeon (3/15)

Altars:
Uskayaw

Annotations:
D:2 Sigmund
D:3 Purgy


Innate Abilities, Weirdness & Mutations

You are resistant to torment.
Your stone body is resilient. (AC +3)
You are immune to poison.
You resist negative energy. (rN+)
You are resistant to electric shocks. (rElec)
You can survive without breathing.
You are immune to petrification.
You are immune to rotting.


Message History

Purgy claws you but does no damage.
You hit Purgy but do no damage.
Purgy is moderately wounded.
Purgy bites you. Purgy claws you. Purgy barely misses you.
You closely miss Purgy.
Purgy is moderately wounded.
Purgy bites you but does no damage. Purgy claws you but does no damage. x2
Purgy bites you but does no damage. Purgy claws you but does no damage.
Purgy barely misses you.
Purgy looks very sad for a moment.
Purgy bites you.
* * * LOW HITPOINT WARNING * * *
Purgy misses you. x2
Found 15 gold pieces.
Purgy looks around nervously.
Purgy bites you.
* * * LOW HITPOINT WARNING * * *
Purgy claws you but does no damage. x2
Purgy bites you.
You die...

#######.#######
...............
#######.####### #.#
#.# ###
############.#.(.
#............#.##.#
+..........<......#
#........@...####.#
#.......T......<#
#...........#####
#...........#
#$........[.#
#....?......#
#...........#
#############


You could see Purgy.

Vanquished Creatures
  An adder (D:2)
  2 oozes (D:1)
  4 worms (D:2)
  2 dart slugs
  A leopard gecko (D:1)
  A ball python (D:2)
  11 bats
  5 giant cockroaches
  5 goblins
  11 hobgoblins
  A jackal (D:1)
  A frilled lizard (D:2)
  6 kobolds
  3 rats
54 creatures vanquished.

Notes
Turn   | Place    | Note
-------+----------+-------------------------------------------
     0 | D:1      | Kosschaser the Gargoyle Skald began the quest for the Orb.
     0 | D:1      | Reached XP level 1. HP: 12/12 MP: 3/3
   133 | D:1      | Reached XP level 2. HP: 15/17 MP: 5/5
   719 | D:1      | Reached XP level 3. HP: 9/21 MP: 6/6
  1740 | D:2      | Found a hide-covered altar of Uskayaw.
  1844 | D:2      | Reached XP level 4. HP: 13/27 MP: 7/7
  2084 | D:2      | Noticed Sigmund
  2116 | D:3      | Noticed Purgy
  2931 | D:3      | Slain by Purgy

Skill      XL: |  1  2  3  4 |
---------------+-------------+-----
Dodging        | 2 |  2.2
Charms         | 3 |  3.0
Maces & Flails | 3 |  3.1
Fighting       | |  2.7
Armour         | |  1.9
Spellcasting   | |  2.1

Action                   |  1- 3 |  4- 6 || total
-------------------------+-------+-------++-------
Melee: Mace              |   176 |    75 ||   251
  Eat: Chunk             |     3 |     3 ||     6
Armor: Leather armour    |    77 |    37 ||   114
Dodge: Dodged            |   153 |    69 ||   222
